 Dungeon Crawl Stone Soup version 0.28-a0-872-g80cf8599ee (webtiles) character file.

Game seed: 5724899409336966401

3010 tatocazan the Carver (level 9, -6/81 HPs)
             Began as a Minotaur Fighter on Nov 20, 2021.
             Was an Initiate of Okawaru.
             Mangled by a hornet (13 damage)
             ... on level 7 of the Dungeon.
             The game lasted 00:09:05 (9281 turns).

tatocazan the Carver (Minotaur Fighter)             Turns: 9281, Time: 00:09:05

Health: -6/81      AC: 12    Str: 24    XL:     9   Next: 55%
Magic:  8/8        EV: 10    Int:  5    God:    Okawaru [......]
Gold:   250        SH:  4    Dex: 10    Spells: 8/8 levels left

rFire   . . .      SeeInvis .   a - +0 long sword (elec)
rCold   . . .      Faith    .   c - +0 buckler
rNeg    + . .      Spirit   .   m - +2 chain mail {rN+}
rPois   .          Reflect  .   (helmet restricted)
rElec   .          Harm     .   (no cloak)
rCorr   .          Rampage  .   (no gloves)
Will    .....                   (no boots)
Stlth   ..........              (no amulet)
HPRegen 0.23/turn               (no ring)
MPRegen 0.11/turn               (no ring)

@: lethally poisoned (-6 -> -16), slowed, very slow
A: horns 2, retaliatory headbutt
a: Renounce Religion


You were on level 7 of the Dungeon.
You worshipped Okawaru.
Okawaru was noncommittal.
You visited 2 branches of the dungeon, and saw 10 of its levels.
You also visited: Ossuary.

You collected 250 gold pieces.

Inventory:

Hand Weapons
 a - a +0 long sword of electrocution (weapon)
 i - a +4 long sword
Missiles
 n - 6 curare-tipped darts (quivered)
Armour
 c - a +0 buckler (worn)
 m - a +2 chain mail of positive energy (worn)
 x - a +0 plate armour
Jewellery
 z - a ring of wizardry
 A - a ring of flight
Scrolls
 g - 3 scrolls of magic mapping
 h - a scroll of amnesia
 o - a scroll of torment {unknown}
 u - 4 scrolls of identify
 v - a scroll of noise
 y - a scroll of fog {unknown}
Potions
 b - 2 potions of brilliance {unknown}
 d - 2 potions of might
 e - a potion of resistance {unknown}
 f - 2 potions of flight
 j - a potion of heal wounds {unknown}
 k - 2 potions of haste {unknown}
 l - 2 potions of curing
 p - 4 potions of attraction {unknown}
 q - 4 potions of degeneration {unknown}
 r - 2 potions of invisibility {unknown}
 s - a potion of cancellation {unknown}
 t - 2 potions of mutation {unknown}
 w - 2 potions of magic {unknown}


   Skills:
 + Level 8.1 Fighting
 * Level 10.4 Long Blades
 + Level 8.0 Armour
 + Level 6.3 Dodging
 - Level 3.6 Shields
 + Level 0.0 Invocations


You had 8 spell levels left.
You didn't know any spells.
Your spell library contained the following spells:

 Spells                   Type           Power      Damage    Failure   Level
 Apportation              Tloc           0%         N/A       97%         1
 Sublimation of Blood     Necr           0%         N/A       99%         2
 Wereblood                Tmut           0%         N/A       99%         2
 Animate Skeleton         Necr           Unusable   N/A       N/A         1
 Summon Small Mammal      Summ           Unusable   N/A       N/A         1
 Summon Hydra             Summ           Unusable   N/A       N/A         7

Dungeon Overview and Level Annotations

Branches:
Dungeon (9/15)             Temple (1/1) D:7         Ossuary (visited)
   Lair: D:8-11         Orc: D:9-12

Altars:
Ashenzari
Cheibriados
Dithmenos
Fedhas
Gozag
Hepliaklqana
Kikubaaqudgha
Makhleb
Nemelex Xobeh
Okawaru
Qazlal
Ru
Sif Muna
Trog
Uskayaw
Vehumet
Wu Jian
Xom
Zin
The Shining One

Annotations:
D:3 1 runed translucent door, Crazy Yiuf


Innate Abilities, Weirdness & Mutations

You have a pair of horns on your head.
You reflexively headbutt those who attack you in melee.


Message History

You feel very sick.
The centaur skeleton hits you but does no damage.
The centaur skeleton completely misses you.
The hornet stings you.
You feel as though you will be slow longer.
You feel very sick. The hornet stings you!
You are more poisoned.
You feel as though you will be slow longer.
The centaur skeleton hits you but does no damage.
The centaur skeleton completely misses you.
The hornet stings you.
You feel as though you will be slow longer.
The centaur skeleton hits you but does no damage.
The centaur skeleton kicks you but does no damage.
You can move again.
You take 30 damage, and have 41/81 hp.
MASSIVE DAMAGE!!
You hit the hornet.
The hornet is lightly wounded.
You feel very sick. The hornet stings you!
* * * LOW HITPOINT WARNING * * *
You feel as though you will be slow longer.
The centaur skeleton hits you.
* * * LOW HITPOINT WARNING * * *
The centaur skeleton kicks you but does no damage.
The hornet barely misses you. You furiously retaliate!
You headbutt the hornet!
You take 20 damage, and have 21/81 hp.
MASSIVE DAMAGE!!
You slash the hornet!
The hornet is severely wounded.
You feel very sick.
The centaur skeleton hits you but does no damage.
The centaur skeleton kicks you but does no damage.
The hornet stings you!
* * * LOW HITPOINT WARNING * * *
You shrug off the repeated paralysis!
The centaur skeleton hits you but does no damage.
You block the centaur skeleton's attack.
The hornet stings you!
You die...

#######
#####⌠...⌠#####
...#...#..y..#...###
#...8...Z@....8...#
###...#.....#...#.#
#####⌠...⌠#####.#
####### #..# #.##
#######.####
#..........#
#..........# #####
#### #..........#


You could see a hornet and a centaur skeleton.

Vanquished Creatures
  Grinder (D:5)
  Prince Ribbit (D:6)
  Sigmund (D:5)
  A wyvern (D:8)
  A sky beast (D:8)
  A black bear (D:6)
  An orc warrior (D:8)
  A centaur (D:9)
  A kobold brigand (D:8)
  2 bullfrogs
  A gnoll sergeant (D:9)
  4 water moccasin zombies (Ossuary)
  A wyvern skeleton (D:6)
  2 water moccasin skeletons
  7 killer bees (D:9)
  3 wights (D:8)
  A gnoll shaman (D:8)
  2 hounds
  2 jellies (D:6)
  5 orc priests
  2 bullfrog skeletons
  5 iguanas
  4 orc wizards
  2 mummies (Ossuary)
  3 adders
  8 gnolls
  A shadow imp (D:8)
  A white imp (D:6)
  An ufetubus (D:6)
  10 adder zombies (Ossuary)
  5 worms
  4 dart slugs
  24 orcs
  8 bats
  8 endoplasms
  3 giant cockroaches
  7 goblins
  7 hobgoblins
  3 jackals (D:2)
  7 quokkas
  9 ball pythons
  2 frilled lizards (D:3)
  2 gnoll zombies (Ossuary)
  3 hobgoblin zombies (Ossuary)
  10 kobolds
  4 kobold zombies (Ossuary)
  5 orc zombies (Ossuary)
  2 rats (D:2)
189 creatures vanquished.

Vanquished Creatures (others)
  4 fungi (D:1)
  2 withered plants (D:1)
6 creatures vanquished.

Grand Total: 195 creatures vanquished

Notes
Turn   | Place    | Note
-------+----------+-------------------------------------------
     0 | D:1      | tatocazan the Minotaur Fighter began the quest for the Orb.
     0 | D:1      | Reached XP level 1. HP: 19/19 MP: 0/0
   193 | D:1      | Found a faded altar of an unknown god.
   199 | D:1      | Reached XP level 2. HP: 27/27 MP: 1/1
   339 | D:1      | Reached skill level 3 in Long Blades
   652 | D:1      | Reached skill level 1 in Dodging
   752 | D:1      | Reached XP level 3. HP: 30/33 MP: 2/2
  1401 | D:2      | Reached XP level 4. HP: 40/40 MP: 3/3
  2449 | D:3      | Reached skill level 4 in Long Blades
  2798 | D:3      | Found a runed translucent door.
  2799 | D:3      | Noticed Crazy Yiuf
  3308 | D:4      | Reached XP level 5. HP: 45/47 MP: 4/4
  3706 | D:4      | Found a sand-covered staircase.
  3711 | Ossuary  | Entered an ossuary
  3873 | Ossuary  | Reached skill level 5 in Long Blades
  3933 | Ossuary  | Reached XP level 6. HP: 35/55 MP: 5/5
  3955 | Ossuary  | Reached skill level 5 in Fighting
  3955 | Ossuary  | Reached skill level 5 in Armour
  3959 | Ossuary  | HP: 2/56 [water moccasin zombie (5)]
  4507 | Ossuary  | Reached skill level 6 in Long Blades
  4581 | D:4      | Reached XP level 7. HP: 41/61 MP: 6/6
  5204 | D:5      | Entered Level 5 of the Dungeon
  5272 | D:5      | Noticed Grinder
  5285 | D:5      | Paralysed by Grinder for 6 turns
  5307 | D:5      | Killed Grinder
  5308 | D:5      | Reached skill level 7 in Long Blades
  5647 | D:5      | Noticed Sigmund
  5652 | D:5      | Killed Sigmund
  5653 | D:5      | Reached XP level 8. HP: 70/70 MP: 7/7
  6231 | D:6      | Reached skill level 8 in Long Blades
  6542 | D:6      | Noticed Prince Ribbit
  6553 | D:6      | Killed Prince Ribbit
  6554 | D:6      | Reached skill level 5 in Dodging
  7012 | D:6      | You fall into a shaft and drop 3 floors!
  7044 | D:9      | Found a burning altar of Makhleb.
  7053 | D:9      | Found an ornate altar of the Wu Jian Council.
  7096 | D:9      | Reached skill level 9 in Long Blades
  7232 | D:9      | Reached XP level 9. HP: 28/79 MP: 8/8
  8121 | D:8      | Reached skill level 10 in Long Blades
  8977 | D:7      | Found a staircase to the Ecumenical Temple.
  8993 | Temple   | Entered the Ecumenical Temple
  9240 | Temple   | Became a worshipper of Warmaster Okawaru
  9277 | D:7      | Paralysed by a hornet for 3 turns
  9281 | D:7      | Mangled by a hornet

Illustrated notes

Levels and vault maps discovered:
D:1:      onia_arrival_pyramid, layout_loops_corners,
          shapermc_ecumenical_altar_gd
D:2:      wad_pebble_path, layout_basic
D:3:      layout_basic, nicolae_wormholes, uniq_crazy_yiuf_cottage
D:4:      layout_cave_pools, serial_rivers, chequers_serial_rivers_marsh,
          chequers_serial_rivers_large_b, chequers_serial_rivers_small_3,
          chequers_serial_rivers_micro_b, chequers_serial_rivers_micro_a,
          chequers_serial_rivers_marsh, enter_ossuary_2, serial_bayou_pond_e,
          moated_statue, kennysheep_potato
D:5:      layout_rooms, chequers_serial_rivers_micro_a, corexii_shack,
          uniq_grinder, uniq_sigmund
D:6:      layout_basic, serial_shops, shop, uniq_prince_ribbit1
D:7:      layout_rooms, elyvilon_altar_3, minmay_temple_entry_antechambers,
          nicolae_shop_sticking_my_neck_out, uniq_pikel
D:8:      layout_basic
D:9:      layout_long_grid, grunt_temple_overflow_open, serial_bayou_pond_a,
          minmay_shop_damaged
Temple:   dpeg_five_rooms_temple

Skill      XL: |  1  2  3  4  5  6  7  8  9 |
---------------+----------------------------+-----
Long Blades    | 3 4 5 6 7 9 10 | 10.4
Dodging        | 1 2 3 4 5 6 |  6.3
Fighting       | 4 5 6 7 8 |  8.1
Armour         | 4 5 6 7 8 |  8.0
Shields        | |  3.6

Action                   |  1- 3 |  4- 6 |  7- 9 || total
-------------------------+-------+-------+-------++-------
Melee: Long sword        |    90 |   230 |   244 ||   564
       Headbutt          |    11 |    37 |    42 ||    90
  Use: Scroll            |       |       |     9 ||     9
Armor: Scale mail        |    63 |    10 |       ||    73
       Chain mail        |       |   120 |   168 ||   288
Dodge: Dodged            |    49 |   109 |   139 ||   297
Block: Buckler           |    24 |    47 |    62 ||   133

Table legend: (Time is in decaauts)
 A = Elapsed time spent in this place.
 B = Non-inter-level travel time spent in this place.
 C = Inter-level travel time spent in this place.
 D = Time resting spent in this place.
 E = Time spent auto-exploring this place.
 F = Levels seen in this place.
 G = Mean time per level.
                   A        B        C        D        E       F      G
               +--------+--------+--------+--------+--------+-----+--------+
         Total |   9376 |   9145 |    231 |   2577 |   5298 |  11 |  852.4 |
       Dungeon |   8227 |   8062 |    165 |   2078 |   4874 |   9 |  914.1 |
        Temple |    282 |    216 |     66 |      0 |    204 |   1 |  282.0 |
       Ossuary |    866 |    866 |      0 |    499 |    220 |   1 |  866.0 |
               +--------+--------+--------+--------+--------+-----+--------+

Top non-repeatable levels by time:
     D:3: 1282 daAuts
     D:4: 1149 daAuts
     D:2: 1048 daAuts
     D:5: 991 daAuts
     D:1: 955 daAuts
 Ossuary: 866 daAuts
     D:6: 819 daAuts
     D:9: 779 daAuts
     D:8: 708 daAuts
     D:7: 492 daAuts
  Temple: 282 daAuts
